 Dungeon Crawl Stone Soup version 0.31-a0-728-g01b46875f1 (webtiles) character file.

Game seed: 12744651418741509236

85 subawu the Changeling (level 4, 0/32 HPs)
             Began as a Merfolk Shapeshifter on Sept 11, 2023.
             Succumbed to an adder's poison
             ... on level 2 of the Dungeon.
             The game lasted 00:07:53 (2111 turns).

subawu the Changeling (Merfolk Shapeshifter)        Turns: 2111, Time: 00:07:54

Health: 0/32       AC:  4    Str: 14    XL:     4   Next: 48%
Magic:  4/4        EV: 12    Int: 11    God:
Gold:   73         SH:  4    Dex: 13    Spells: 3/3 levels left

rFire   . .          .
                       - Unarmed
rCold   + . .        l - +0 buckler
rNeg    . . .        i - +1 leather armour {rC+}
rPois   .            (helmet currently unavailable)
rElec   .            (cloak currently unavailable)
rCorr   .            (gloves currently unavailable)
SInv    .            (boots currently unavailable)
Will    .....        (no amulet)
Stlth   +            (no ring)
HPRegen 0.25/turn    (no ring)
MPRegen 0.09/turn

%: no passive effects
@: lethally poisoned (0 -> -4), beast-form
A: beast (slay +2), (nimble swimmer 2), mertail
a: Begin Untransformation


You were on level 2 of the Dungeon.
You were a hulking beast.
You visited 1 branch of the dungeon, and saw 2 of its levels.

You collected 73 gold pieces.

Inventory:

Armour
 a - a +0 animal skin
 g - a +0 leather armour
 i - a +1 leather armour of cold resistance (worn)
 j - a +0 ring mail
 l - a +0 buckler (worn)
Talismans
 c - a beast talisman (active)
 d - a flux talisman
Scrolls
 e - 2 scrolls of fear
 f - a scroll of poison {unknown}
 h - a scroll of enchant weapon {unknown}
 k - a scroll of immolation {unknown}
 m - a scroll of vulnerability {unknown}
 n - a scroll of revelation {unknown}
Potions
 b - a potion of lignification


   Skills:
 + Level 1.1 Fighting
 + Level 0.7 Armour
 + Level 3.1 Dodging
 + Level 0.5 Stealth
 + Level 4.5 Unarmed Combat
 + Level 4.7 Shapeshifting


You had 3 spell levels left.
You didn't know any spells.
Your spell library was empty.

Dungeon Overview and Level Annotations

Branches:
Dungeon (2/15)

Altars:


Innate Abilities, Weirdness & Mutations

You are a hulking beast.
Your limbs bulge with bestial killing power. (Slay +2)
((You are very nimble when in or above water. (Stealth+, EV+, Speed+++)))
Your lower body shifts to a powerful aquatic tail in water.


Message History

You hit the adder.
The adder is moderately wounded.
You feel sick. The adder bites you but does no damage.
The adder closely misses you.
You barely miss the adder.
The adder is moderately wounded.
You feel sick. You block the adder's attack.
You hit the adder.
The adder is almost dead.
The adder bites you.
* * * LOW HITPOINT WARNING * * *
You are lethally poisoned!
The adder poisons you!
You closely miss the adder.
The adder is almost dead.
* * * LOW HITPOINT WARNING * * *
You feel sick. The adder bites you but does no damage.
You hit the adder.
You kill the adder!
* * * LOW HITPOINT WARNING * * *
You feel sick.
There is a lethal amount of poison in your body!
There is a lethal amount of poison in your body!
There is a lethal amount of poison in your body!
There is a lethal amount of poison in your body!
There is a lethal amount of poison in your body!
There is a lethal amount of poison in your body!
Unknown command.
* * * LOW HITPOINT WARNING * * *
You feel sick.
You see here an adder corpse.
There is a lethal amount of poison in your body!
There is a lethal amount of poison in your body!
There is a lethal amount of poison in your body!
There is a lethal amount of poison in your body!
There is a lethal amount of poison in your body!
As you read the scroll labelled DYPTEI XUVANWU, it crumbles to dust.
You assume a fearsome visage.
Nothing appears to happen.
It was a scroll of fear.
You die...

#.###.#...# #.# #.#.#.#
#.# #.###.#.#.# #.#
#.#.#.#.#.# #.#
#.#.#.#.#.# #.# .
#.#.#.#.#.###.########..
#...........#...........
####.###.#####...........
................h.†......
####.....#...#.#.#######.
#######...#.#!# #........
####### ##..#.#.##
....... ...#.#.# #######
###.#.### #.#..


There were no monsters in sight!

Vanquished Creatures
  3 adders (D:2)
  3 worms (D:2)
  5 ball pythons (D:2)
  6 bats
  4 endoplasms
  A giant cockroach (D:1)
  3 goblins
  5 hobgoblins
  5 kobolds
  4 quokkas
  A frilled lizard (D:1)
  6 rats
46 creatures vanquished.

Notes
Turn   | Place    | Note
-------+----------+-------------------------------------------
     0 | D:1      | subawu the Merfolk Shapeshifter began the quest for the
                  | Orb.
     0 | D:1      | Reached XP level 1. HP: 15/15 MP: 1/1
   351 | D:1      | Reached XP level 2. HP: 6/21 MP: 2/2
   912 | D:1      | Reached XP level 3. HP: 26/26 MP: 3/3
  1732 | D:2      | Reached XP level 4. HP: 24/32 MP: 4/4
  2110 | D:2      | HP: 1/32 [poisoned by an adder]
  2111 | D:2      | Succumbed to an adder's poison

Illustrated notes

Levels and vault maps discovered:
D:1:      kilobyte_arrival_exit_the_forest, layout_basic, minmay_door_square,
          minmay_misc_feat_rows
D:2:      layout_basic, uniq_crazy_yiuf_cottage

Skill      XL: |  1  2  3 |
---------------+----------+-----
Dodging        | 3 |  3.1
Unarmed Combat | 4 |  4.5
Fighting       | |  1.1
Armour         | |  0.7
Stealth        | |  0.5
Shapeshifting  | |  4.7

Action                     |  1- 3 |  4- 6 || total
---------------------------+-------+-------++-------
  Melee: Unarmed           |   106 |    23 ||   129
         Punch             |     1 |       ||     1
    Use: Scroll            |       |     1 ||     1
 Armour: Animal skin       |    24 |       ||    24
         Skin              |     1 |       ||     1
         Leather armour    |    33 |    15 ||    48
  Dodge: Dodged            |    66 |    17 ||    83
  Block: Buckler           |     3 |     4 ||     7

Table legend: (Time is in decaauts)
 A = Elapsed time spent in this place.
 B = Non-inter-level travel time spent in this place.
 C = Inter-level travel time spent in this place.
 D = Time resting spent in this place.
 E = Time spent auto-exploring this place.
 F = Levels seen in this place.
 G = Mean time per level.
                   A        B        C        D        E       F      G
               +--------+--------+--------+--------+--------+-----+--------+
         Total |   2084 |   1963 |    121 |      0 |   1190 |   2 | 1042.0 |
       Dungeon |   2084 |   1963 |    121 |      0 |   1190 |   2 | 1042.0 |
               +--------+--------+--------+--------+--------+-----+--------+

Top non-repeatable levels by time:
     D:1: 1317 daAuts
     D:2: 767 daAuts
